Map: King Sejong Station LE

Players

DatBoiNYK (NYK)

  • Race: Zerg Zerg
  • League: Master

Smile - Winner!

  • Race: Terran Terran
  • League: Master

VOD

Have the link to the VOD?

Description

Time

  • Played on: July 12, 2016, 6:46 p.m.
  • Length: 24:38
Show
View Real Time Build Order
Export as new Build Order

DatBoiNYK Zerg 

Build Orders: Hatch First 

Get SALT Encoding   

  12  0:01  Drone  
  13  0:12  Overlord  
  13  0:19  Drone  
  14  0:31  Drone x2  
  16  0:37  Drone  
  17  0:53  Hatchery  
  17  0:55  Drone  
  17  0:58  Drone  
  17  1:04  Extractor  
  17  1:15  Spawning Pool  
  17  1:17  Drone  
  17  1:20  Drone  
  18  1:30  Drone  
  19  1:39  Overlord  
  19  2:02  Queen  
  19  2:03  Zergling x4  
  19  2:04  Queen  
  19  2:05  Zergling x2  
  26  2:10  Metabolic Boost  
  26  2:30  Drone  
  26  2:35  Spore Crawler  
  26  2:36  Drone x3  
  29  2:40  Queen  
  31  2:53  Overlord  
  31  2:57  Drone x4  
  35  3:05  Drone  
  36  3:06  Overlord  
  36  3:16  Queen  
  38  3:24  Spore Crawler  
  37  3:33  Drone  
  39  3:34  Hatchery, Drone x5  
  43  3:46  Drone x6  
  49  3:59  Zergling x2, Extractor  
  49  4:00  Zergling x4  
  49  4:01  Overlord  
  51  4:03  Zergling x2  
  51  4:08  Overlord  
  52  4:21  Baneling Nest  
  51  4:24  Zergling x2  
  51  4:25  Zergling x10  
  57  4:35  Drone x4  
  56  4:55  Zergling x2  
  56  4:56  Zergling x12  
  59  5:04  Queen  
  60  5:07  Queen  
  60  5:10  Evolution Chamber, Spore Crawler  
  60  5:11  Evolution Chamber, Spore Crawler  
  58  5:26  Drone  
  58  5:27  Drone x8  
  63  5:44  Zergling x10  
  63  5:45  Zergling x2  
  67  5:51  Spore Crawler  
  67  5:54  Zerg Ground Armor Level 1, Zerg Melee Weapons Level 1  
  66  5:59  Overlord x3  
  65  6:05  Lair  
  65  6:09  Queen, Extractor  
  66  6:13  Overlord  
  66  6:15  Zergling x2  
  66  6:16  Queen  
  67  6:21  Zergling x12  
  70  6:37  Zergling x12  
  76  6:40  Drone  
  76  6:45  Overlord x2  
  77  6:58  Zergling x10  
  77  7:00  Baneling  
  77  7:01  Baneling x18  
  82  7:04  Zergling x4  
  84  7:08  Overseer  
  84  7:18  Zergling x8  
  86  7:24  Centrifical Hooks  
  86  7:26  Drone x3  
  86  7:27  Drone x2  
  90  7:35  Overlord x2  
  90  7:43  Drone x4  
  94  7:49  Drone x4  
  94  7:50  Overlord  
  98  8:00  Zergling x2  
  98  8:01  Zergling x6  
  98  8:03  Zerg Melee Weapons Level 2  
  101  8:16  Infestation Pit  
  101  8:17  Queen  
  101  8:19  Drone  
  103  8:20  Drone x2  
  103  8:25  Hatchery  
  104  8:33  Drone x11  
  115  8:40  Overlord  
  115  8:46  Overlord x2  
  115  8:47  Extractor  
  114  8:52  Extractor  
  114  8:54  Overlord  
  113  8:59  Zergling x2  
  113  9:00  Zergling x8  
  118  9:12  Hive  
  118  9:15  Zergling x14  
  125  9:17  Zerg Ground Armor Level 2  
  125  9:21  Zergling x8  
  125  9:22  Extractor  
  128  9:28  Baneling x2  
  128  9:29  Baneling x7  
  128  9:32  Zergling x6  
  128  9:35  Zergling x2  
  131  9:39  Zergling x4  
  133  9:49  Queen x3  
  139  10:06  Zergling x16  
  139  10:07  Zergling x8  
  151  10:12  Spire  
  150  10:14  Baneling x2  
  150  10:15  Baneling x3  
  150  10:25  Queen, Drone x2  
  150  10:26  Overlord x3  
  134  10:39  Queen x3  
  138  10:43  Zergling x2  
  138  10:44  Zergling x16  
  137  10:58  Ultralisk Cavern, Drone x3  
  137  11:00  Zergling x12  
  137  11:01  Zergling x2  
  137  11:03  Baneling  
  137  11:04  Baneling x5  
  146  11:05  Baneling  
  146  11:08  Zergling x2  
  146  11:09  Zergling x6  
  150  11:16  Baneling x11  
  150  11:17  Baneling  
  125  11:43  Zergling x28  
  125  11:44  Zergling x12  
  133  11:50  Overlord  
  127  11:57  Ultralisk  
  124  12:06  Ultralisk  
  120  12:14  Chitinous Plating  
  117  12:20  Ultralisk  
  123  12:25  Zerg Ground Armor Level 3  
  121  12:32  Ultralisk  
  126  12:38  Ultralisk  
  126  12:42  Baneling x6  
  126  12:43  Baneling x2  
  132  12:44  Baneling  
  132  12:50  Overseer  
  132  12:57  Ultralisk  
  138  13:08  Ultralisk x2  
  150  13:13  Zerg Melee Weapons Level 3  
  150  13:21  Corruptor x2  
  150  13:23  Corruptor  
  155  13:30  Corruptor  
  155  13:31  Corruptor  
  159  13:42  Baneling  
  159  13:43  Baneling x12  
  159  13:48  Zergling x2, Extractor  
  159  13:49  Zergling x10  
  159  13:50  Overseer  
  164  14:05  Corruptor x3  
  169  14:13  Zergling x18  
  176  14:18  Overlord  
  176  14:19  Overlord  
  176  14:25  Overlord  
  176  14:26  Overlord  
  176  14:31  Pathogen Glands  
  174  14:37  Ultralisk  
  176  14:54  Hatchery  
  175  15:00  Zergling x16  
  175  15:01  Zergling x6  
  175  15:03  Corruptor  
  186  15:17  Overlord  
  186  15:18  Corruptor  
  186  15:19  Corruptor  
  189  15:35  Corruptor x2  
  189  15:36  Corruptor x2  
  189  15:40  Overseer x3  
  192  15:56  Adrenal Glands  
  173  16:10  Corruptor x4  
  173  16:11  Corruptor  
  167  16:15  Zergling x2  
  167  16:16  Zergling x6  
  158  16:29  Zergling x16  
  158  16:30  Zergling x2  
  164  16:47  Greater Spire  
  164  16:50  Spine Crawler x2  
  162  16:56  Infestor x2  
  162  16:57  Infestor x2  
  170  17:04  Extractor  
  169  17:14  Zergling x6  
  169  17:15  Zergling x24  
  180  17:18  Baneling  
  180  17:19  Baneling x6  
  180  17:23  Pneumatized Carapace  
  180  17:25  Burrow  
  180  17:35  Corruptor x2  
  172  17:52  Ultralisk  
  169  18:02  Extractor  
  168  18:07  Extractor  
  168  18:11  Zergling x2  
  168  18:12  Zergling x20  
  178  18:19  Infestor x2  
  182  18:21  Hatchery  
  182  18:24  Corruptor  
  183  18:31  Corruptor  
  160  19:01  Corruptor x5  
  133  19:05  Drone x6  
  135  19:14  Drone  
  135  19:15  Drone x4  
  138  19:40  Ultralisk x2  
  150  19:48  Infestor  
  150  19:50  Infestor  
  154  20:13  Ultralisk  
  146  20:18  Zergling x16  
  146  20:19  Zergling x14  
  151  20:29  Brood Lord  
  151  20:35  Brood Lord  
  150  20:48  Zergling x2  
  150  20:49  Zergling x24  
  151  21:00  Drone  
  151  21:01  Drone x5  
  144  21:23  Ultralisk  
  143  21:27  Drone x4  
  143  21:28  Drone  
  143  21:29  Drone  
  143  21:30  Drone  
  145  21:43  Baneling x6  
  145  21:50  Corruptor x2  
  149  22:03  Zergling x2  
  149  22:04  Zergling x12  
  152  22:22  Zergling x2  
  150  22:23  Zergling x16  
  150  22:27  Zerg Flyer Weapons Level 1  
  158  22:39  Extractor  
  157  22:50  Zergling x20  
  157  22:51  Zergling x10  
  169  23:10  Corruptor x2  
  169  23:11  Corruptor x2  
  169  23:12  Corruptor  
  146  23:47  Ultralisk, Zergling x2  
  96  24:04  Zergling x24  
  96  24:05  Zergling x12  
Show
View Real Time Build Order
Export as new Build Order

Smile Terran - Winner!

Build Orders: Reaper Expand, Bio Tank 

Get SALT Encoding   

  12  0:01  SCV  
  13  0:13  SCV  
  14  0:20  Supply Depot  
  14  0:25  SCV  
  15  0:41  SCV  
  16  0:42  Barracks  
  16  0:47  Refinery  
  16  0:53  SCV  
  17  1:05  SCV  
  18  1:29  Orbital Command  
  18  1:30  Reaper  
  19  1:38  Command Center  
  19  1:52  Supply Depot  
  19  2:00  SCV  
  20  2:03  Marine  
  21  2:10  Factory  
  21  2:13  SCV  
  22  2:16  Refinery  
  22  2:24  Barracks Reactor  
  22  2:25  SCV  
  23  2:38  SCV  
  24  2:50  SCV  
  25  2:57  Starport  
  25  2:59  Orbital Command  
  25  3:01  Factory Tech Lab  
  25  3:02  Marine x2  
  25  3:03  SCV  
  28  3:08  Bunker  
  28  3:15  SCV  
  28  3:19  Widow Mine, Marine x2  
  29  3:24  SCV  
  34  3:27  SCV  
  35  3:36  SCV, Medivac  
  35  3:37  Marine  
  35  3:38  Marine  
  35  3:39  SCV  
  41  3:45  Supply Depot  
  41  3:48  SCV  
  42  3:51  Siege Tank  
  45  3:57  Marine  
  46  4:06  SCV x2  
  46  4:07  Medivac  
  46  4:08  Supply Depot  
  50  4:18  SCV x2, Supply Depot  
  50  4:20  Marine x2  
  54  4:35  SCV  
  55  4:52  SCV  
  56  4:55  Marine x2  
  56  4:58  Starport Reactor  
  57  5:01  SCV  
  58  5:07  Siege Tank  
  58  5:10  SCV  
  58  5:11  Command Center, Barracks  
  58  5:12  Barracks, Refinery x2  
  58  5:13  Marine x2  
  64  5:14  Engineering Bay x2  
  64  5:23  Liberator  
  64  5:24  SCV  
  65  5:29  Liberator  
  65  5:39  Marine x2  
  70  5:44  SCV  
  72  5:51  SCV  
  72  5:55  Siege Tank  
  72  5:56  SCV  
  77  6:00  Barracks Tech Lab x2  
  77  6:04  SCV, Supply Depot  
  78  6:19  SCV  
  78  6:22  SCV  
  79  6:31  Combat Shields  
  79  6:32  Stimpack, Orbital Command  
  78  6:33  Marine x2, Siege Tank  
  78  6:37  SCV x2  
  78  6:38  Terran Infantry Weapons Level 1  
  85  6:40  Marine x2  
  85  6:45  Terran Infantry Armor Level 1  
  87  6:51  Marine x2  
  89  6:56  SCV  
  89  6:57  Marine  
  89  6:58  Marine  
  92  7:08  SCV  
  93  7:09  Marine x2  
  95  7:17  Marine x2  
  95  7:18  Siege Tank  
  100  7:27  Marine  
  101  7:35  Marine  
  101  7:36  Marine  
  101  7:44  Supply Depot  
  101  7:45  Marine x2, Medivac x2  
  101  7:46  Supply Depot  
  107  7:53  Marine  
  107  7:54  Marine  
  109  8:03  Orbital Command  
  109  8:04  SCV, Marine x2  
  109  8:10  SCV  
  109  8:11  Marine x2, Siege Tank  
  114  8:14  Armory  
  114  8:16  SCV  
  114  8:18  Barracks x2  
  115  8:22  Marine  
  115  8:26  SCV  
  117  8:28  Missile Turret  
  117  8:29  SCV  
  117  8:30  SCV  
  117  8:31  Medivac x2  
  123  8:39  Marine  
  124  8:44  Marine  
  125  8:49  Supply Depot  
  125  8:53  Refinery  
  125  8:56  Refinery  
  125  8:57  Supply Depot  
  125  8:58  Supply Depot  
  125  8:59  Supply Depot  
  125  9:10  Bunker, SCV, Marine x4, Siege Tank  
  125  9:11  Barracks Reactor, Supply Depot, Barracks Tech Lab  
  125  9:12  Terran Vehicle Weapons Level 1, Terran Infantry Weapons Level 2, Terran Infantry Armor Level 2, Supply Depot  
  133  9:19  SCV  
  134  9:28  Marine x3, Medivac  
  134  9:29  Medivac  
  141  9:36  Marine x2  
  141  9:37  Concussive Shells  
  143  9:46  Marauder x2  
  143  9:47  Marine  
  143  9:48  Siege Tank  
  151  9:56  Command Center  
  151  10:03  Marine  
  151  10:04  Marauder  
  154  10:15  Marine  
  154  10:16  Marine x4, Medivac  
  154  10:17  Medivac  
  163  10:22  Barracks  
  163  10:24  Barracks  
  163  10:25  Barracks  
  144  10:51  Marine x7  
  144  10:52  Siege Tank  
  146  11:00  Medivac  
  142  11:09  Marine x3  
  142  11:10  Marauder x2  
  149  11:12  Marine x5  
  154  11:22  Terran Ship Weapons Level 1  
  154  11:23  Ghost Academy  
  154  11:24  Siege Tank  
  157  11:27  Marine  
  157  11:28  Marauder  
  160  11:33  SCV  
  115  12:04  SCV  
  115  12:05  Marine x10  
  115  12:06  Siege Tank  
  121  12:14  SCV  
  106  12:23  Ghost x2, Marine x5  
  106  12:24  Marauder  
  106  12:26  SCV x2  
  119  12:30  Marine  
  120  12:40  Liberator x2, Barracks Tech Lab  
  120  12:45  Terran Infantry Weapons Level 3  
  120  12:53  SCV  
  120  12:56  Planetary Fortress  
  127  12:58  Barracks Tech Lab x2  
  127  13:01  SCV  
  127  13:04  Terran Infantry Armor Level 3  
  128  13:08  Siege Tank  
  131  13:15  SCV  
  131  13:16  SCV  
  133  13:23  Bunker, Liberator  
  132  13:28  Ghost x2  
  132  13:29  Marauder x2, Marine x2  
  132  13:30  Marauder  
  132  13:33  Marauder  
  146  13:34  SCV x2  
  146  13:36  SCV  
  152  13:43  Terran Ship Weapons Level 2  
  152  13:44  Personal Cloaking  
  152  13:46  Starport  
  152  13:50  Ghost, Refinery x2  
  154  13:59  Liberator  
  154  14:00  Ghost x2  
  154  14:01  Supply Depot x2  
  154  14:02  SCV  
  159  14:15  Ghost  
  164  14:24  SCV  
  164  14:29  Liberator  
  164  14:30  Liberator  
  162  14:33  Missile Turret x2  
  160  14:42  Liberator  
  159  14:48  Missile Turret  
  165  14:58  Missile Turret  
  161  15:10  Ghost x2  
  165  15:14  Fusion Core  
  165  15:26  Ghost x2  
  168  15:42  Missile Turret  
  163  16:02  SCV, Orbital Command  
  161  16:13  SCV  
  161  16:15  Marauder, Marine x2  
  161  16:16  Marauder x2  
  170  16:20  Ghost, SCV  
  170  16:25  Liberator  
  172  16:36  Ghost, Refinery  
  172  16:37  SCV  
  172  16:38  Ghost x2, SCV  
  172  16:39  Marine  
  174  16:50  Marauder  
  174  16:52  SCV x2  
  178  17:05  Ghost  
  180  17:23  Ghost x2, SCV  
  180  17:24  Marauder, Marine  
  188  17:41  Orbital Command  
  188  17:45  Liberator  
  188  17:46  Engineering Bay x2  
  188  17:49  Ghost  
  180  18:00  SCV  
  180  18:01  Siege Tank  
  180  18:03  Marine  
  188  18:11  Supply Depot  
  188  18:12  Supply Depot  
  188  18:13  Supply Depot  
  188  18:16  Liberator  
  188  18:17  Liberator  
  188  18:24  Missile Turret  
  188  18:30  Supply Depot  
  188  18:32  Ghost  
  188  18:33  Marauder, Marine  
  179  18:52  Orbital Command  
  163  19:11  Ghost  
  163  19:12  Ghost  
  163  19:16  Ghost x2, Marine  
  170  19:20  SCV  
  169  19:32  Marine x5  
  169  19:35  Missile Turret x2  
  174  19:40  Command Center, Refinery  
  174  19:41  Marauder  
  174  19:58  Missile Turret, Supply Depot  
  169  20:34  Ghost  
  169  20:35  Marauder, Marine  
  173  20:53  SCV  
  173  20:54  Marine  
  173  20:55  Marauder  
  176  20:57  Marine x3  
  176  20:58  Marauder, Siege Tank  
  176  21:03  Orbital Command  
  166  21:13  Ghost  
  166  21:14  Marine  
  166  21:16  Orbital Command  
  167  21:19  Ghost  
  167  21:22  Missile Turret  
  168  21:26  Missile Turret  
  168  21:27  SCV  
  168  21:30  Widow Mine  
  168  21:31  Marine  
  164  21:38  SCV x2  
  163  21:43  Marine  
  163  21:44  SCV  
  163  21:45  Barracks Tech Lab x2  
  165  21:48  Marauder  
  167  21:56  Refinery  
  167  21:58  Refinery  
  167  21:59  Orbital Command  
  167  22:09  Marauder  
  160  22:16  Liberator x2  
  156  22:24  SCV  
  157  22:30  Ghost  
  157  22:31  Ghost  
  157  22:32  Ghost  
  169  22:39  Refinery  
  168  22:58  SCV, Liberator  
  165  22:59  Marauder, Liberator  
  165  23:00  Ghost, SCV  
  165  23:04  SCV x2  
  171  23:10  SCV  
  167  23:43  Ghost  
  167  23:44  Marine  
  167  23:45  Marauder  
  167  23:46  Marine  
  152  23:58  SCV  
  149  24:05  Marine  
  150  24:13  Marauder  
Tags
 
Add a new tag
Caveats
  • Supply blocks, unpowered buildings, or Contaminate may cause inaccurate times.
  • Supply counts are checked every 10 seconds.